 Dungeon Crawl Stone Soup version 0.30-a0-242-g7bf8e6d787 (webtiles) character file.

Game seed: 15553989918559901000

329956 sleeves the Scorcher (level 20, -5/136 HPs)
             Began as a Demonspawn Cinder Acolyte on Oct 11, 2022.
             Was a High Priest of Ignis.
             Slain by a Hell Sentinel (8 damage)
             ... on level 4 of the Abyss on Oct 12, 2022.
             The game lasted 03:05:34 (73462 turns).

sleeves the Scorcher (Demonspawn Cinder Acolyte)   Turns: 73462, Time: 03:05:35

Health: -5/136     AC: 18    Str: 18      XL:     20   Next: 84%
Magic:  34/43      EV: 12    Int: 24 (28) God:    Ignis [*****.]
Gold:   2867       SH:  8    Dex:  8 (9)  Spells: 7/58 levels left

rFire   + . .      SeeInvis +    b - +5 scimitar (freeze)
rCold   + . .      Faith    .    w - +0 buckler
rNeg    . . .      Spirit   .    D - +2 robe {rC+}
rPois   .          Reflect  .    (helmet restricted)
rElec   +          Harm     .    Z - +1 cloak
rCorr   .          Rampage  .    U - +0 pair of gloves
Will    +....                    G - +0 pair of boots
Stlth   +++.......               S - amulet of regeneration
HPRegen 1.22/turn                I - ring of Mypsean {AC+4 Str+3 Int+4 Stlth-}
MPRegen 0.28/turn                W - ring of Coejaz {Contam Fly rElec SInv}

@: about to teleport, flying
A: antennae 2, rugged brown scales 2, icemail 1, powered by pain 2, condensation
shield, bedeviling
}: 2/15 runes: serpentine, barnacled
a: Renounce Religion, Fiery Armour, Foxfire Swarm, Rising Flame


You were on level 4 of the Abyss.
You worshipped Ignis.
Ignis was extremely pleased with you.
You visited 7 branches of the dungeon, and saw 36 of its levels.
You visited the Abyss 1 time.
You also visited: Sewer and Ossuary.

You collected 3812 gold pieces.
You spent 945 gold pieces at shops.

Inventory:

Hand Weapons
 b - a +5 scimitar of freezing (weapon)
   (You took it off a wight on level 6 of the Dungeon)
Armour
 w - a +0 buckler (worn)
   (You found it on level 15 of the Dungeon)
 D - a +2 robe of cold resistance (worn)
   (You took it off a merfolk aquamancer on level 3 of the Shoals)
 G - a +0 pair of boots (worn)
   (You found it on level 7 of the Dungeon)
 K - a +2 robe of the Archmagi
   (You found it on level 6 of the Dungeon)
 U - a +0 pair of gloves (worn)
   (You found it on level 1 of the Snake Pit)
 Z - a +1 cloak (worn)
   (You bought it in a shop on level 2 of the Orcish Mines)
Magical Staves
 a - a staff of fire
   (You took it off Ijyb on level 5 of the Dungeon)
 L - a staff of cold
   (You found it on level 14 of the Dungeon)
 X - a staff of conjuration
   (You found it on level 2 of the Lair of Beasts)
Jewellery
 k - a ring of protection from cold
   (You found it on level 2 of the Dungeon)
 s - a ring of positive energy
   (You found it on level 13 of the Dungeon)
 y - a ring of resist corrosion
   (You found it on level 4 of the Dungeon)
 I - the ring of Mypsean (left hand) {AC+4 Str+3 Int+4 Stlth-}
   (You found it on level 2 of the Snake Pit)

   [ring of protection]

   AC:        It affects your AC (+4).
   Str:       It affects your strength (+3).
   Int:       It affects your intelligence (+4).
   Stlth:     It makes you less stealthy.
 P - a ring of flight
   (You found it on level 2 of the Lair of Beasts)
 S - an amulet of regeneration (around neck)
   (You took it off an orc on level 10 of the Dungeon)
 W - the ring of Coejaz (right hand) {Contam Fly rElec SInv}
   (You found it on level 2 of the Lair of Beasts)

   [ring of see invisible]

   rElec:     It insulates you from electricity.
   SInv:      It lets you see invisible.
   Fly:       It grants you flight.
   Contam:    It causes magical contamination when unequipped.
 Y - a ring of protection from fire
   (You took it off a merfolk siren on level 2 of the Lair of Beasts)
Wands
 h - a wand of polymorph (17)
   (You found it on level 9 of the Dungeon)
 n - a wand of mindburst (35)
   (You took it off Ijyb on level 5 of the Dungeon)
 H - a wand of iceblast (12)
   (You took it off Pikel on level 5 of the Dungeon)
 R - a wand of digging (8)
   (You found it on level 9 of the Dungeon)
 T - a wand of charming (23)
   (You found it on level 1 of the Lair of Beasts)
 V - a wand of light (2)
   (You found it on level 1 of the Lair of Beasts)
Scrolls
 g - 2 scrolls of enchant armour
 i - 7 scrolls of enchant weapon
 j - 7 scrolls of identify
 l - 3 scrolls of teleportation
 o - 8 scrolls of magic mapping
 p - 8 scrolls of vulnerability
 v - a scroll of acquirement
 x - 4 scrolls of poison
 B - 9 scrolls of immolation
 C - 5 scrolls of butterflies
 F - 8 scrolls of amnesia
 J - 9 scrolls of fear
 M - 3 scrolls of silence
 N - 3 scrolls of brand weapon
Potions
 c - 23 potions of curing
 d - 11 potions of lignification
 e - 5 potions of flight
 f - 6 potions of magic
 m - 11 potions of mutation
 q - 13 potions of attraction
 r - 8 potions of brilliance
 t - 2 potions of berserk rage {unknown}
 u - 11 potions of heal wounds
 z - 3 potions of might
 A - a potion of haste
 E - 4 potions of cancellation
 Q - a potion of resistance {unknown}


   Skills:
 - Level 4.2 Fighting
 - Level 2.6 Long Blades
 - Level 6.0 Dodging
 - Level 10.0 Stealth
 - Level 5.0 Shields
 + Level 19.6 Spellcasting
 - Level 15.0 Conjurations
 + Level 8.0 Translocations
 - Level 20.0 Fire Magic
 - Level 2.1 Air Magic
 + Level 11.2 Earth Magic


You had 7 spell levels left.
You knew the following spells:

 Your Spells              Type           Power      Damage    Failure   Level
a - Scorch                Fire           100%       2d10      0%          2
b - Iskenderun's Mystic   Conj/Tloc      68%        2d14      1%          4
c - Starburst             Conj/Fire      41%        6d12      1%          6
d - Swiftness             Air            33%        N/A       3%          3
e - Hailstorm             Conj/Ice       56%        3d12      1%          3
f - Ignition              Fire           44%        3d13      4%          8
g - Fireball              Conj/Fire      41%        3d17      1%          5
h - Dispersal             Tloc           29%        N/A       14%         6
i - Lee's Rapid Deconstr  Erth           33%        3d18*     1%          5
j - Lehudib's Crystal Sp  Conj/Erth      36%        10d9      58%         8
k - Apportation           Tloc           100%       N/A       1%          1

Your spell library contained the following spells:

 Spells                   Type           Power      Damage    Failure   Level
 Foxfire                  Conj/Fire      100%       2x1d9     0%          1
 Kiss of Death            Conj/Necr      100%       2d13      1%          1
 Shock                    Conj/Air       100%       1d9       1%          1
 Blink                    Tloc           100%       N/A       1%          2
 Passwall                 Tmut/Erth      41%        N/A       1%          2
 Static Discharge         Conj/Air       100%       2-7/arc   1%          2
 Dazzling Flash           Conj/Hex       100%       N/A       1%          3
 Gell's Gravitas          Tloc           58%        N/A       1%          3
 Ignite Poison            Fire/Tmut/Pois 53%        N/A       1%          3
 Inner Flame              Hex/Fire       82%        N/A       1%          3
 Kindle Blastsparks       Fire/Tloc/Air  100%       2d18      1%          3
 Stone Arrow              Conj/Erth      100%       3d13      1%          3
 Teleport Other           Tloc           58%        N/A       1%          3
 Vhi's Electric Charge    Tloc/Air       94%        N/A       1%          3
 Flame Wave               Conj/Fire      82%        2d18      1%          4
 Manifold Assault         Tloc           58%        N/A       1%          4
 Sticky Flame             Conj/Fire      82%        2d9       1%          4
 Arcjolt                  Conj/Air       29%        1d39      1%          5
 Lightning Bolt           Conj/Air       29%        1d46      1%          5
 Freeze                   Ice            92%        1d9       2%          1
 Necrotise                Necr           92%        1d8       2%          1
 Slow                     Hex            100%       N/A       2%          1
 Summon Small Mammal      Summ           92%        N/A       2%          1
 Cigotuvi's Dreadful Rot  Necr/Pois/Air  52%        N/A       2%          2
 Animate Armour           Summ/Erth      100%       N/A       2%          4
 Leda's Liquefaction      Hex/Erth       33%        N/A       2%          4
 Ensorcelled Hibernation  Hex/Ice        70%        N/A       3%          2
 Irradiate                Conj/Tmut      28%        3d21      3%          5
 Borgnjor's Vile Clutch   Necr/Erth      25%        N/A       7%          5
 Freezing Cloud           Conj/Ice/Air   25%        6-21      7%          5
 Call Canine Familiar     Summ           23%        N/A       8%          3
 Confusing Touch          Hex            35%        N/A       8%          3
 Frozen Ramparts          Ice            46%        1d7       8%          3
 Ozocubu's Armour         Ice            23%        N/A       8%          3
 Spider Form              Tmut/Pois      23%        N/A       8%          3
 Summon Guardian Golem    Hex/Summ       35%        N/A       8%          3
 Vampiric Draining        Necr           23%        2d7       8%          3
 Airstrike                Air            16%        2d(3-19)  11%         4
 Summon Forest            Summ/Tloc      21%        N/A       13%         5
 Anguish                  Hex/Necr       17%        N/A       26%         4
 Dispel Undead            Necr           23%        3d12      26%         4
 Olgreb's Toxic Radiance  Pois           23%        N/A       26%         4
 Summon Ice Beast         Ice/Summ       23%        N/A       26%         4
 Statue Form              Tmut/Erth      33%        N/A       36%         6
 Alistair's Intoxication  Tmut/Pois      15%        N/A       56%         5
 Metabolic Englaciation   Hex/Ice        17%        N/A       56%         5
 Summon Mana Viper        Hex/Summ       35%        N/A       56%         5
 Yara's Violent Unravell  Hex/Tmut       17%        3d8       56%         5
 Death Channel            Necr           11%        N/A       98%         6
 Eringya's Noxious Bog    Tmut/Pois      11%        N/A       98%         6
 Simulacrum               Ice/Necr       11%        N/A       98%         6
 Enfeeble                 Hex            17%        N/A       100%        7
 Monstrous Menagerie      Summ           11%        N/A       100%        7
 Ozocubu's Refrigeration  Ice            11%        4d10      100%        7
 Storm Form               Tmut/Air       14%        N/A       100%        7
 Summon Hydra             Summ           11%        N/A       100%        7


Dungeon Overview and Level Annotations

Branches:
Dungeon (15/15)            Temple (0/1) D:6            Lair (5/5) D:9
 Shoals (4/4) Lair:2        Snake (4/4) Lair:3        Slime (0/5) Lair:5
    Orc (2/2) D:10            Elf (1/3) Orc:2        Vaults (5/5) D:13
  Crypt (0/3) Vaults:3     Depths (0/4) D:15          Sewer (visited)
Ossuary (visited)

Altars:
Dithmenos
Hepliaklqana
Makhleb
Ru
Trog
Uskayaw
Wu Jian
Xom
Jiyva

Shops:
D:7 [   D:10 (   D:13 (   D:14 ?   Orc:1 :   Orc:2 :*([   Shoals:1 *
Shoals:4 (   Vaults:2 *:

Portals:
Bazaar: Snake:3
Trove: Vaults:4 (give +2 gold dragon scales)

Annotations:
Lair:2 1 runed translucent door, exclusions: 2 lava snakes and orange crystal statue, Gesod's ghost, journeyman MiHu
Lair:5 exclusions: oklob plant and 1 more exclusion
Snake:1 3 runed translucent doors, sirJeffrey23's ghost, adept HOMo
Snake:3 shop, exclusion: orange crystal statue
Snake:4 2 transporters, Cifurakhle's ghost, adept MiBe
Elf:1 Louise


Innate Abilities, Weirdness & Mutations

You have a pair of antennae on your head.
You are mostly covered in rugged brown scales. (AC +2, +5% HP)
A meltable icy envelope protects you from harm. (AC +4)
You sometimes gain power by taking damage.
A meltable shield of frost defends you. (SH +4)
Your hexes are more powerful.


Message History

Casting: Starburst (safe; 1% risk of failure)
Press: ? - help, Dir - look around, f - activate You feel a surge of power!
That beam is likely to hit you.
Continue anyway?
Okay, then.
Casting: Starburst (safe; 1% risk of failure)
Confirm with . or Enter, or press ? or * to list all spells.
Casting: Starburst (safe; 1% risk of failure)
Press: ? - help, Dir - look around, f - activate You feel a surge of power!
That beam is likely to hit you.
Continue anyway?
Okay, then.
Your extra speed is starting to run out.
Casting: Starburst (safe; 1% risk of failure)
Confirm with . or Enter, or press ? or * to list all spells.
Casting: Starburst (safe; 1% risk of failure)
Press: ? - help, Dir - look around, f - activate You feel a surge of power!
The bolt of fire hits the rakshasa!!
The rakshasa is moderately wounded.
The rakshasa misses you.
Casting: Starburst (safe; 1% risk of failure)
Confirm with . or Enter, or press ? or * to list all spells.
Casting: Starburst (safe; 1% risk of failure)
Press: ? - help, Dir - look around, f - activate You feel a surge of power!
The bolt of fire hits the rakshasa!!!
The rakshasa is almost dead.
Casting: Starburst (safe; 1% risk of failure)
Confirm with . or Enter, or press ? or * to list all spells.
Casting: Starburst (safe; 1% risk of failure)
Press: ? - help, Dir - look around, f - activate You feel a surge of power!
The bolt of fire hits the rakshasa!!!
You kill the rakshasa!
Things that are here:
a +0 trident; a +0 robe You start resting.
You feel yourself slow down.
You start resting.
Your icy envelope is restored.
You start resting.
You sense a monster nearby.
You start resting.
You sense a monster nearby.
You start resting.
A smoke demon comes into view.
You scream at the smoke demon!
The smoke demon roars!
You hear a deafening roar!
Unknown command.
Casting: Starburst (safe; 1% risk of failure)
Confirm with . or Enter, or press ? or * to list all spells.
Aiming: Lee's Rapid Deconstruction (safe; 1% risk of failure)
Press: ? - help, Dir - move target A stone wall.
The wall shatters!
The blast of rock fragments hits the smoke demon!!
The smoke demon is heavily wounded.
Casting: Lee's Rapid Deconstruction (safe; 1% risk of failure)
Confirm with . or Enter, or press ? or * to list all spells.
Aiming: Lee's Rapid Deconstruction (safe; 1% risk of failure)
Press: ? - help, Dir - move target A stone wall.
The wall shatters!
The blast of rock fragments hits the smoke demon!!
You kill the smoke demon!
You start resting.
A lurking horror comes into view.
A lurking horror is nearby!
Things that are here:
a +0 trident; a +0 robe You start resting.
HP restored.
You start resting.
Magic restored.
A blizzard demon comes into view.
The blizzard demon shouts!
You hear a bark! x2
A raiju comes into view.
The blizzard demon gestures at you. The bolt of cold misses you.
A raiju comes into view.
The raiju bursts into living lightning!
The living lightning hits you. You resist.
The raiju blinks! x2
Casting: Lee's Rapid Deconstruction (safe; 1% risk of failure)
Confirm with . or Enter, or press ? or * to list all spells.
You don't know that spell.
The raiju attacks as you move away! You block the raiju's attack.
The raiju bursts into living lightning!
The living lightning hits you. You resist.
The raiju blinks!
Casting: Lee's Rapid Deconstruction (safe; 1% risk of failure)
Confirm with . or Enter, or press ? or * to list all spells.
Casting: Starburst (safe; 1% risk of failure)
Press: ? - help, Dir - look around, f - activate You feel a surge of power!
That beam is likely to hit you.
Continue anyway?
Okay, then.
The raiju closely misses you.
Casting: Starburst (safe; 1% risk of failure)
Confirm with . or Enter, or press ? or * to list all spells.
Casting: Starburst (safe; 1% risk of failure)
Press: ? - help, Dir - look around, f - activate You feel a surge of power!
That beam is likely to hit you.
Continue anyway?
Okay, then.
Casting: Starburst (safe; 1% risk of failure)
Confirm with . or Enter, or press ? or * to list all spells.
Casting: Starburst (safe; 1% risk of failure)
Press: ? - help, Dir - look around, f - activate You feel a surge of power!
That beam is likely to hit you.
Continue anyway?
The bolt of fire misses you.
The bolt of fire hits the raiju!!
The raiju is almost dead.
The bolt of fire hits the blizzard demon!!!!
The blizzard demon is burned terribly!
You kill the blizzard demon!
The raiju barely misses you.
You feel the corruption within you wane somewhat.
Your connection to magic feels less subdued.
You feel a little less angry.
You lose the ability to drink potions when taking damage less often.
Your magic regains its normal vibrancy.
You no longer become unable to drink potions after taking damage.
Unknown command.
Unknown command.
You hit the raiju.
You blast the raiju.
You kill the raiju!
You start resting.
Magic restored.
A hellephant comes into view.
A smoke demon comes into view.
The smoke demon roars!
You hear a chilling moan.
The smoke demon closely misses you. x3
Your +5 scimitar of freezing glows with a cold blue light!
b - a +5 scimitar of freezing (weapon)
You hit the smoke demon. You freeze the smoke demon.
The smoke demon is lightly wounded.
The smoke demon gestures at you. The sticky flame hits you.
Your icy defenses dissipate!
You resist.
You are covered in liquid flames!
You hit the smoke demon. You freeze the smoke demon.
The smoke demon is lightly wounded.
You are covered in liquid flames!
The smoke demon gestures at you. Something smites you!
The smoke demon hits you but does no damage. x2
The smoke demon closely misses you.
You hit the smoke demon. You freeze the smoke demon.
The smoke demon is moderately wounded.
You are covered in liquid flames!
You block the smoke demon's attack. The smoke demon closely misses you.
You block the smoke demon's attack.
You slash the smoke demon! You freeze the smoke demon.
The smoke demon is heavily wounded.
The smoke demon closely misses you. x3
A quasit comes into view.
You barely miss the smoke demon.
The smoke demon is heavily wounded.
The smoke demon gestures at you. The ball of steam hits you. You resist.
The smoke demon gestures at you. The sticky flame misses you.
You hit the smoke demon but do no damage.
The smoke demon is heavily wounded.
The smoke demon gestures at you.
The sticky flame hits you but does no damage.
You are covered in liquid flames!
You hit the smoke demon. You freeze the smoke demon.
The smoke demon is severely wounded.
You are covered in liquid flames!
The quasit bites you but does no damage.
The quasit claws you but does no damage. x2
You block the smoke demon's attack.
The smoke demon hits you but does no damage.
The smoke demon closely misses you.
You closely miss the smoke demon.
The smoke demon is severely wounded.
You are covered in liquid flames!
The quasit bites you but does no damage.
The quasit barely misses you. x2; You block the smoke demon's attack.
The smoke demon misses you. You block the smoke demon's attack.
The quasit bites you but does no damage.
The quasit claws you but does no damage. x2
The smoke demon hits you. The smoke demon barely misses you.
You block the smoke demon's attack.
Casting: Starburst (mildly dangerous; 1% risk of failure)
Confirm with . or Enter, or press ? or * to list all spells.
You erupt in a blast of force!
The mystic blast hits the quasit!
The quasit is heavily wounded.
The quasit is knocked back by the mystic blast.
The mystic blast hits the smoke demon!!
You kill the smoke demon!
You barely miss the quasit.
The quasit is heavily wounded.
You block the quasit's attack. x2; The quasit misses you. x2
The quasit barely misses you.
The quasit claws you but does no damage.
You closely miss the quasit.
The quasit is heavily wounded.
The quasit misses you.
The quasit claws you but does no damage.
You block the quasit's attack.
You barely miss the quasit.
The quasit is heavily wounded.
The quasit closely misses you. x2
The quasit claws you but does no damage.
The quasit bites you.
You feel clumsy.
The quasit claws you but does no damage.
The quasit closely misses you.
You barely miss the quasit.
The quasit is heavily wounded.
The quasit misses you. The quasit closely misses you.
The quasit barely misses you.
The quasit bites you but does no damage.
The quasit misses you. The quasit barely misses you.
You barely miss the quasit.
The quasit is heavily wounded.
The quasit closely misses you.
The quasit claws you but does no damage.
The quasit closely misses you.
You slash the quasit!
You kill the quasit!
Your +5 scimitar of freezing stops glowing.
a - a staff of fire (weapon)
X - a staff of conjuration (weapon)
A small abomination comes into view.
An ancient zyme comes into view.
You feel yourself growing ill in the presence of the ancient zyme.
The small abomination barely misses you.
The small abomination closely misses you.
Found an iron altar of Okawaru.
Your icy envelope is restored.
The small abomination attacks as you move away!
The small abomination misses you.
A raiju comes into view.
You scream at the raiju!
The raiju barks!
The raiju bursts into living lightning!
The living lightning misses you.
The raiju blinks!
You hit the raiju.
You blast the raiju.
The raiju is lightly wounded.
The small abomination barely misses you.
The raiju bursts into living lightning!
The living lightning misses you.
The raiju blinks!
The small abomination hits you but does no damage.
The small abomination attacks as you move away!
The small abomination closely misses you.
The small abomination attacks as you move away!
The small abomination hits you!
Your body deteriorates!
You feel dopey.
A fire bat comes into view.
The fire bat closely misses you.
Casting: Iskenderun's Mystic Blast (safe; 1% risk of failure)
Confirm with . or Enter, or press ? or * to list all spells.
Casting: Starburst (mildly dangerous; 1% risk of failure)
Press: ? - help, Dir - look around, f - activate You feel a surge of power!
The bolt of fire misses the fire bat.
The bolt of fire hits the small abomination!!!
You destroy the small abomination!
The bolt of fire hits the raiju!!!
You kill the raiju!
You hear a hideous shriek!
The fire bat barely misses you.
A demonic crawler comes into view.
You block the fire bat's attack. The fire bat closely misses you.
You scream at the iron imp!
An iron imp comes into view.
The iron imp shouts, "Get thee hence, thou foisting saucy pimple!"
You hear a bark!
You hear a roar!
The fire bat bites you but does no damage.
An apocalypse crab comes into view.
A large abomination comes into view.
A fire bat comes into view.
You scream at the fire bat!
You hear a shout!
You hear a roar!
You block the fire bat's attack. The fire bat barely misses you.
The fire bat attacks as you move away! You block the fire bat's attack. x3
The fire bat bites you but does no damage.
An orange demon comes into view.
You block the fire bat's attack. The fire bat barely misses you.
Casting: Starburst (mildly dangerous; 1% risk of failure)
Confirm with . or Enter, or press ? or * to list all spells.
You feel quick. The fire bat closely misses you.
Unknown command.
Casting: Swiftness (mildly dangerous; 2% risk of failure)
Confirm with . or Enter, or press ? or * to list all spells.
Aiming: Lee's Rapid Deconstruction (mildly dangerous; 1% risk of failure)
Press: ? - help, Dir - move target A rock wall.
The wall shatters!
The blast of rock fragments hits the fire bat!!
You kill the fire bat!
You start to feel a little slower.
You feel sluggish.
A large abomination comes into view.
A large abomination is nearby!
You scream at the chaos spawn!
A chaos spawn comes into view.
You hear a roar! x2
Something shouts, "Give up, thou pandering pigeon-egg toady!"
The large abomination hits you!
A small abomination comes into view.
Casting: Lee's Rapid Deconstruction (mildly dangerous; 1% risk of failure)
Confirm with . or Enter, or press ? or * to list all spells.
Casting: Starburst (mildly dangerous; 1% risk of failure)
Press: ? - help, Dir - look around, f - activate You feel a surge of power!
The bolt of fire hits the large abomination!!
The large abomination is heavily damaged.
The bolt of fire hits the large abomination!!
The large abomination is heavily damaged.
The bolt of fire hits the chaos spawn!!
You kill the chaos spawn!
The chaos spawn degenerates into a cloud of primal chaos!
The large abomination closely misses you.
Casting: Starburst (mildly dangerous; 1% risk of failure)
Confirm with . or Enter, or press ? or * to list all spells.
Casting: Starburst (mildly dangerous; 1% risk of failure)
Press: ? - help, Dir - look around, f - activate You feel a surge of power!
The bolt of fire hits the large abomination!!!
You destroy the large abomination!
The bolt of fire hits the large abomination!!!
You destroy the large abomination!
You feel the corruption within you wane somewhat.
You lose the ability to read scrolls when taking damage less often.
You feel a little healthier.
You no longer become unable to read scrolls after taking damage.
Unknown command.
You start to feel a little faster.
A smoke demon comes into view.
Casting: Starburst (mildly dangerous; 1% risk of failure)
Confirm with . or Enter, or press ? or * to list all spells.
You don't know that spell.
Casting: Starburst (mildly dangerous; 1% risk of failure)
Confirm with . or Enter, or press ? or * to list all spells.
You don't know that spell.
You hit the small abomination.
The small abomination is lightly damaged.
You block the small abomination's attack.
You hit the small abomination but do no damage.
You blast the small abomination.
The small abomination is moderately damaged.
The small abomination hits you but does no damage.
The small abomination closely misses you.
You hit the small abomination.
The small abomination is moderately damaged.
The small abomination hits you!
You hit the small abomination.
You blast the small abomination!
You destroy the small abomination!
The smoke demon hits you but does no damage.
The smoke demon closely misses you. You block the smoke demon's attack.
You hit the smoke demon but do no damage.
You blast the smoke demon!
The smoke demon is lightly wounded.
You no longer feel sluggish.
The smoke demon hits you but does no damage. x3
You hit the smoke demon but do no damage.
The smoke demon is lightly wounded.
The smoke demon gestures at you. You block the sticky flame.
You completely miss the smoke demon.
The smoke demon is lightly wounded.
You block the smoke demon's attack. The smoke demon misses you.
You block the smoke demon's attack.
You barely miss the smoke demon.
The smoke demon is lightly wounded.
The smoke demon hits you but does no damage. x2
The smoke demon barely misses you.
The smoke demon hits you but does no damage. x2
You block the smoke demon's attack.
You hit the smoke demon but do no damage.
The smoke demon is lightly wounded.
The smoke demon hits you.
The smoke demon hits you but does no damage.
The smoke demon hits you.
You barely miss the smoke demon.
The smoke demon is lightly wounded.
The smoke demon closely misses you.
The smoke demon hits you but does no damage.
The smoke demon hits you.
You barely miss the smoke demon.
The smoke demon is lightly wounded.
You block the smoke demon's attack.
The smoke demon hits you but does no damage.
The smoke demon misses you.
You hit the smoke demon.
The smoke demon is moderately wounded.
You block the smoke demon's attack.
The smoke demon hits you but does no damage.
The smoke demon barely misses you.
You hit the smoke demon but do no damage.
You blast the smoke demon.
The smoke demon is moderately wounded.
The smoke demon misses you.
The smoke demon hits you but does no damage.
The smoke demon closely misses you. The smoke demon misses you.
You block the smoke demon's attack.
The smoke demon hits you but does no damage.
You barely miss the smoke demon.
The smoke demon is moderately wounded.
The smoke demon hits you but does no damage. x2
The smoke demon barely misses you.
You hit the smoke demon but do no damage.
The smoke demon is moderately wounded.
The smoke demon hits you but does no damage. x2
The smoke demon hits you.
You barely miss the smoke demon.
The smoke demon is lightly wounded.
The smoke demon hits you.
The smoke demon hits you but does no damage.
You block the smoke demon's attack.
You closely miss the smoke demon.
The smoke demon is lightly wounded.
The smoke demon barely misses you.
The smoke demon hits you but does no damage. x2
The smoke demon hits you. The smoke demon closely misses you.
The smoke demon misses you.
Your +5 scimitar of freezing glows with a cold blue light!
b - a +5 scimitar of freezing (weapon)
You hit the smoke demon but do no damage.
The smoke demon is lightly wounded.
The smoke demon hits you but does no damage.
The smoke demon barely misses you. You block the smoke demon's attack.
The smoke demon completely misses you. The smoke demon closely misses you. x2
You completely miss the smoke demon.
The smoke demon is lightly wounded.
The smoke demon hits you but does no damage. x3
You closely miss the smoke demon.
The smoke demon is lightly wounded.
The smoke demon gestures at you. Something smites you!
You barely miss the smoke demon.
The smoke demon is lightly wounded.
The smoke demon gestures at you. The ball of steam hits you.
Your icy defenses dissipate!
You resist.
You hit the smoke demon. You freeze the smoke demon.
The smoke demon is moderately wounded.
The smoke demon closely misses you. The smoke demon misses you.
The smoke demon hits you but does no damage.
The smoke demon hits you. The smoke demon barely misses you.
The smoke demon misses you.
You slash the smoke demon! You freeze the smoke demon.
The smoke demon is severely wounded.
The smoke demon gestures at you. Something smites you!
You closely miss the smoke demon.
The smoke demon is severely wounded.
The smoke demon hits you but does no damage.
The smoke demon barely misses you. The smoke demon hits you.
You hit the smoke demon. You freeze the smoke demon.
The smoke demon is severely wounded.
The smoke demon gestures at you.
The sticky flame hits you but does no damage.
You are covered in liquid flames!
The smoke demon misses you. The smoke demon closely misses you.
The smoke demon barely misses you.
You slash the smoke demon! You freeze the smoke demon.
You kill the smoke demon!
You are covered in liquid flames!
A smoke demon comes into view.
You are covered in liquid flames!
You are no longer on fire.
Okay, then.
The smoke demon hits you but does no damage.
The smoke demon hits you.
The smoke demon hits you but does no damage.
You slash the smoke demon! You freeze the smoke demon.
The smoke demon is moderately wounded.
The smoke demon hits you but does no damage. x2
You block the smoke demon's attack.
A red film seems to cover your vision as you go berserk!
You feel yourself moving faster!
You feel mighty!
You slash the smoke demon! You freeze the smoke demon.
The smoke demon is severely wounded.
The smoke demon gestures at you. The ball of steam misses you.
The smoke demon hits you but does no damage.
The smoke demon barely misses you. The smoke demon completely misses you.
You hit the smoke demon. You freeze the smoke demon.
The smoke demon is almost dead.
You slash the smoke demon! You freeze the smoke demon.
You kill the smoke demon!
You feel a strong urge to attack something.
You start resting.
You feel your anger nearly subside.
You start resting.
You are no longer berserk.
You are exhausted.
You feel yourself slow down.
You start resting.
HP restored.
You start waiting.
Your icy envelope is restored.
You start waiting.
You feel yourself speed up. 2 hell hounds come into view.
You scream at the hell hound!
You hear a bark! x3; You hear a bellow!
You hear a roar!
A bone dragon comes into view.
A large abomination comes into view.
A hell hound comes into view.
A smoke demon comes into view.
The large abomination hits you but does no damage.
A smoke demon comes into view.
The smoke demon roars!
The large abomination hits you! The smoke demon gestures at you.
Something smites you!
You focus on the pain.
You feel very mighty all of a sudden.
As you read the scroll of teleportation, it crumbles to dust.
You feel strangely unstable.
You feel the power of the Abyss delaying your translocation!
The hell hound breathes flames at you. The blast of flame hits you!
Your icy defenses dissipate!
You resist.
Found a gateway leading deeper into the Abyss.
The smoke demon roars!
You recover from your berserk rage.
The smoke demon gestures at you. The ball of steam hits you! You resist.
The hell hound attacks as you move away!
The hell hound bites you but does no damage.
The smoke demon gestures at you. Something smites you!
You block the smoke demon's attack. The smoke demon misses you.
The smoke demon closely misses you. You block the hell hound's attack.
The smoke demon attacks as you move away!
The smoke demon hits you. The smoke demon barely misses you.
The smoke demon hits you but does no damage.
The smoke demon gestures at you. Something smites you!
The hell hound attacks as you move away!
The hell hound bites you but does no damage.
The smoke demon gestures at you.
The ball of steam hits the hell hound.
The hell hound resists.
The ball of steam hits you. You resist. The hell hound bites you.
The hell hound attacks as you move away!
The hell hound closely misses you. The hell hound breathes flames at you.
The blast of flame misses the hell hound.
The blast of flame hits you but does no damage.
Casting: Starburst (mildly dangerous; 1% risk of failure)
Confirm with . or Enter, or press ? or * to list all spells.
You erupt in a blast of force!
The mystic blast hits the large abomination!
The large abomination is moderately damaged.
The large abomination is knocked back by the mystic blast.
The large abomination collides with the smoke demon!
The large abomination is heavily damaged.
The mystic blast hits the hell hound.
The hell hound is moderately wounded.
The hell hound is knocked back by the mystic blast.
The mystic blast hits the smoke demon!
The smoke demon is heavily wounded.
The smoke demon is knocked back by the mystic blast.
The mystic blast hits the hell hound!!
The hell hound is severely wounded.
The hell hound is knocked back by the mystic blast.
The hell hound collides with the large abomination!
You kill the hell hound!
You hear a chilling moan.
Casting: Iskenderun's Mystic Blast (safe; 1% risk of failure)
Confirm with . or Enter, or press ? or * to list all spells.
You erupt in a blast of force!
The mystic blast hits the large abomination!
The large abomination is severely damaged.
The mystic blast hits the smoke demon!!
The smoke demon is almost dead.
The smoke demon is knocked back by the mystic blast.
The smoke demon barely misses you.
The smoke demon hits you but does no damage.
The smoke demon hits you.
Unknown command.
Casting: Iskenderun's Mystic Blast (safe; 1% risk of failure)
Confirm with . or Enter, or press ? or * to list all spells.
You erupt in a blast of force!
The mystic blast hits the smoke demon!!
You kill the smoke demon!
The mystic blast hits the large abomination!
You destroy the large abomination!
The hell hound breathes flames at you. The blast of flame misses you.
You feel the corruption within you wane somewhat.
You feel healthier.
Your urge to scream lessens.
Your urge to shout disappears.
Unknown command.
You are suddenly pulled into a different region of the Abyss!
You start resting.
Your icy envelope is restored.
You start resting.
Magic restored.
You start resting.
HP restored.
You feel a little less mighty now.
Okay, then.
You sense a monster nearby.
A harpy simulacrum comes into view.
A harpy simulacrum is nearby!
A starcursed mass comes into view.
A starcursed mass splits.
A chorus of shrieks assaults your mind.
A starcursed mass splits.
A chorus of shrieks assaults your mind.
Casting: Iskenderun's Mystic Blast (safe; 1% risk of failure)
Confirm with . or Enter, or press ? or * to list all spells.
Casting: Starburst (mildly dangerous; 1% risk of failure)
Press: ? - help, Dir - look around, f - activate The bolt of fire hits the starcursed mass!!!
You destroy the starcursed mass!
The bolt of fire hits the starcursed mass!!
The starcursed mass is moderately damaged.
The starcursed mass shudders and is absorbed by its neighbour.
A starcursed mass splits.
A starcursed mass splits.
Casting: Starburst (mildly dangerous; 1% risk of failure)
Confirm with . or Enter, or press ? or * to list all spells.
Casting: Starburst (mildly dangerous; 1% risk of failure)
Press: ? - help, Dir - look around, f - activate The bolt of fire hits the starcursed mass!!!
You destroy the starcursed mass!
The bolt of fire hits the starcursed mass!!!
You destroy the starcursed mass!
You feel the corruption within you wane completely.
You feel a little more calm.
Casting: Starburst (mildly dangerous; 1% risk of failure)
Confirm with . or Enter, or press ? or * to list all spells.
Casting: Starburst (mildly dangerous; 1% risk of failure)
Press: ? - help, Dir - look around, f - activate The bolt of fire hits the starcursed mass!!!
The starcursed mass is almost destroyed.
The starcursed mass touches you!
You hit the starcursed mass but do no damage.
The starcursed mass is almost destroyed.
The starcursed mass touches you but does no damage.
You slash the starcursed mass! You freeze the starcursed mass.
You destroy the starcursed mass!
You start resting.
HP restored.
You start resting.
You sense a monster nearby.
A glowing orange brain comes into view.
You start resting.
Magic restored.
A yellow draconian comes into view.
It is wielding a +2 short sword of draining.
A yellow draconian is nearby!
A starcursed mass comes into view.
You sense a monster nearby.
A small abomination comes into view.
The small abomination moves out of view.
You sense a monster nearby.
A fire bat comes into view.
A fire bat is nearby!
A fire bat is nearby!
A large abomination comes into view.
A rakshasa comes into view. It is wielding a +0 trident.
The neqoxec shouts!
You hear a roar!
The neqoxec gestures at you.
You feel dopey. Something feeds on your intellect!
Casting: Starburst (mildly dangerous; 1% risk of failure)
Confirm with . or Enter, or press ? or * to list all spells.
You can't see any susceptible monsters within range! (Use Z to cast anyway.) Unknown command.
Unknown command.
Casting: Starburst (mildly dangerous; 1% risk of failure)
Confirm with . or Enter, or press ? or * to list all spells.
You can't see any susceptible monsters within range! (Use Z to cast anyway.)
Casting: Starburst (mildly dangerous; 1% risk of failure)
Confirm with . or Enter, or press ? or * to list all spells.
Aiming: Fireball (safe; 1% risk of failure)
Press: ? - help, Shift-Dir - straight line, f - neqoxec
Aim: a neqoxec The fireball explodes!
The fireball engulfs the neqoxec!!
You kill the neqoxec!
The fireball engulfs the smoke demon.
The smoke demon resists.
The smoke demon is lightly wounded.
A wretched star comes into view.
An ancient zyme comes into view.
The smoke demon gestures at you. The ball of steam hits you.
Your icy defenses dissipate!
You resist.
You feel yourself growing ill in the presence of the ancient zyme.
As you read the scroll of teleportation, it crumbles to dust.
You feel strangely unstable.
You feel the power of the Abyss delaying your translocation!
The ancient zyme attacks as you move away!
The ancient zyme completely misses you. The ancient zyme hits you.
You feel ill.
Casting: Fireball (safe; 1% risk of failure)
Confirm with . or Enter, or press ? or * to list all spells.
Casting: Starburst (mildly dangerous; 1% risk of failure)
Press: ? - help, Dir - look around, f - activate The bolt of fire hits the ancient zyme!!!
The ancient zyme is severely damaged.
The bolt of fire hits the wretched star!
The wretched star resists.
The wretched star is moderately damaged.
The worldbinder calls forth creatures from the Elven Halls!
The ancient zyme closely misses you. The ancient zyme completely misses you.
You feel ill.
Casting: Starburst (mildly dangerous; 1% risk of failure)
Confirm with . or Enter, or press ? or * to list all spells.
Casting: Starburst (mildly dangerous; 1% risk of failure)
Press: ? - help, Dir - look around, f - activate The bolt of fire hits the ancient zyme!!
You destroy the ancient zyme!
The bolt of fire misses the wretched star.
The bolt of fire misses the rakshasa.
The wretched star pulses with an eldritch light!
You feel clumsy. x2; You feel vulnerable to cold. x2
Casting: Starburst (mildly dangerous; 1% risk of failure)
Confirm with . or Enter, or press ? or * to list all spells.
Casting: Starburst (mildly dangerous; 1% risk of failure)
Press: ? - help, Dir - look around, f - activate The bolt of fire hits the smoke demon!
The smoke demon resists.
The smoke demon is moderately wounded.
The bolt of fire hits the worldbinder!!!
You destroy the worldbinder!
The deep elf pyromancer disappears in a puff of smoke!
The bolt of fire hits the wretched star!
The wretched star resists.
The wretched star is heavily damaged.
The bolt of fire misses the rakshasa.
The wretched star glows turbulently.
The lance of force hits you.
You are knocked back by the lance of force.
You slam into the rock wall!
The smoke demon gestures at you. The sticky flame misses you.
You plunge deeper into the Abyss.
The abyssal rune of Zot can be found at this depth.
A tentacled starspawn comes into view.
Found a gateway leading deeper into the Abyss.
An Executioner comes into view.
The Executioner moves out of view.
The Executioner gives a hideous shriek!
The Executioner gestures.
The Executioner seems to speed up.
As you read the scroll of teleportation, it crumbles to dust.
You feel strangely unstable.
You feel the power of the Abyss delaying your translocation!
The Executioner hits you!!
The Executioner hits you but does no damage.
The Executioner misses you.
The Executioner hits you but does no damage. x3
Casting: Starburst (mildly dangerous; 1% risk of failure)
Confirm with . or Enter, or press ? or * to list all spells.
You erupt in a blast of force!
The mystic blast hits the Executioner!!
The Executioner is moderately wounded.
The Executioner hits you but does no damage. x2
The Executioner hits you.
The Executioner hits you but does no damage. x2
The Executioner closely misses you.
Unknown command.
The Executioner attacks as you move away!
The Executioner hits you but does no damage. x2
The Executioner hits you. The Executioner hits you! The Executioner hits you.
You block the Executioner's attack. The Executioner hits you.
The Executioner hits you but does no damage. x2
Casting: Iskenderun's Mystic Blast (safe; 1% risk of failure)
Confirm with . or Enter, or press ? or * to list all spells.
You erupt in a blast of force!
The mystic blast hits the Executioner!
The Executioner is heavily wounded.
The Executioner is knocked back by the mystic blast.
The Executioner hits you but does no damage.
The Executioner completely misses you.
The Executioner hits you but does no damage.
The Executioner closely misses you.
The Executioner hits you but does no damage. x2
Unknown command.
Casting: Iskenderun's Mystic Blast (safe; 1% risk of failure)
Confirm with . or Enter, or press ? or * to list all spells.
You erupt in a blast of force!
The mystic blast hits the Executioner!!
The Executioner is severely wounded.
The Executioner is knocked back by the mystic blast.
Unknown command.
Casting: Iskenderun's Mystic Blast (safe; 1% risk of failure)
Confirm with . or Enter, or press ? or * to list all spells.
You erupt in a blast of force!
The mystic blast hits the Executioner!
The Executioner is almost dead.
The Executioner is knocked back by the mystic blast.
The Executioner hits you.
The Executioner hits you but does no damage.
The Executioner hits you. The Executioner hits you!
* * * LOW HITPOINT WARNING * * *
You block the Executioner's attack.
The Executioner hits you but does no damage.
Unknown command.
Casting: Iskenderun's Mystic Blast (safe; 1% risk of failure)
Confirm with . or Enter, or press ? or * to list all spells.
You erupt in a blast of force!
The mystic blast hits the Executioner.
The Executioner is almost dead.
The Executioner is knocked back by the mystic blast.
The Executioner slams into the stone wall!
The Executioner is almost dead.
* * * LOW MAGIC WARNING * * *
Unknown command.
Casting: Iskenderun's Mystic Blast (safe; 1% risk of failure)
Confirm with . or Enter, or press ? or * to list all spells.
You erupt in a blast of force!
The mystic blast hits the Executioner.
The Executioner is almost dead.
The Executioner is knocked back by the mystic blast.
* * * LOW MAGIC WARNING * * *
The Executioner hits you!
* * * LOW HITPOINT WARNING * * *
The Executioner hits you but does no damage. x2
Unknown command.
Casting: Iskenderun's Mystic Blast (safe; 1% risk of failure)
Confirm with . or Enter, or press ? or * to list all spells.
You erupt in a blast of force!
The mystic blast hits the Executioner!!
You kill the Executioner!
* * * LOW MAGIC WARNING * * *
You plunge deeper into the Abyss.
The abyssal rune of Zot can be found at this depth.
You feel the corruption within you wane somewhat.
You feel agile.
You feel less vulnerable to cold.
You feel agile.
Your Translocations skill increases to level 8!
Found a gateway leading deeper into the Abyss.
Your icy envelope is restored.
You start resting.
You sense a monster nearby.
You start resting.
You are suddenly pulled into a different region of the Abyss!
The abyssal matter surrounding you shimmers strangely.
You detect the abyssal rune!
You start resting.
You feel your health improve.
Unknown command.
You start resting.
You sense a monster nearby.
You start resting.
A thrashing horror comes into view.
You start resting.
A thrashing horror comes into view.
The thrashing horror moves out of view.
You start resting.
A thrashing horror is nearby!
You feel yourself speed up.
Memorise Apportation, consuming 1 spell level and leaving 7?
You start memorising the spell.
You continue memorising.
You finish memorising.
Spell assigned to 'k'.
The demonic crawler gives a hideous shriek!
You hear a roar!
Found a gateway leading deeper into the Abyss.
The demonic crawler hits you.
The demonic crawler hits you but does no damage.
The demonic crawler hits you.
A large abomination comes into view.
The demonic crawler shrieks in warning!
You hear a roar! x2; You hear a horrible gurgling sound!
You hear a bark!
You hear a shout!
You hear a bark!
You hear a shout!
You hear a bark! x2
You hear a horrible gurgling sound!
You hear a chilling moan.
You hear a shout!
A starflower comes into view.
Unknown command.
An orange demon comes into view.
Found a runelight.
A starflower comes into view.
Found a runelight.
An oklob plant comes into view.
Found a runelight.
Found a runelight.
The starflower fires a harpoon shot at you.
The harpoon shot hits you.
You are yanked forward by the harpoon shot.
The starflower tentacle-slaps you from afar.
You block the starflower's attack.
Found two runelights.
You hit the starflower.
The starflower is lightly damaged.
You block the starflower's attack.
The starflower tentacle-slaps you from afar!
The starflower tentacle-slaps you! Space warps horribly around you.
The starflower completely misses you. The starflower tentacle-slaps you!
* * * LOW HITPOINT WARNING * * *
Unknown command.
A wizard comes into view. It is wielding a +0 dagger.
The wizard shouts!
The thrashing horror roars!
The wizard gestures wildly while chanting.
The wizard blinks!
The starflower tentacle-slaps you from afar.
* * * LOW HITPOINT WARNING * * *
Space warps horribly around you!
* * * LOW HITPOINT WARNING * * *
The starflower tentacle-slaps you from afar.
* * * LOW HITPOINT WARNING * * *
The demonic crawler shrieks in warning!
The large abomination hits you!!
* * * LOW HITPOINT WARNING * * *
You hear a screech!
You hear a shout!
You hear a bark! x4
Blink to where?
Press: ? - help, Dir - move target
As you read the scroll of blinking, it crumbles to dust.
You block the thrashing horror's attack.
The thrashing horror closely misses you.
Casting: Iskenderun's Mystic Blast (safe; 1% risk of failure)
Confirm with . or Enter, or press ? or * to list all spells.
You erupt in a blast of force!
The mystic blast hits the thrashing horror!!
The thrashing horror is heavily damaged.
The thrashing horror is knocked back by the mystic blast.
The thrashing horror slams into the rock wall!
The mystic blast hits the demonic crawler.
The demonic crawler is lightly wounded.
The demonic crawler is knocked back by the mystic blast.
The mystic blast hits the thrashing horror!
The thrashing horror is moderately damaged.
The thrashing horror is knocked back by the mystic blast.
Unknown command.
You block the thrashing horror's attack.
The thrashing horror barely misses you.
Casting: Iskenderun's Mystic Blast (safe; 1% risk of failure)
Confirm with . or Enter, or press ? or * to list all spells.
You erupt in a blast of force!
The mystic blast hits the thrashing horror.
The thrashing horror is severely damaged.
The thrashing horror is knocked back by the mystic blast.
The thrashing horror slams into the stone wall!
The thrashing horror is severely damaged.
The mystic blast hits the thrashing horror.
The thrashing horror is heavily damaged.
The thrashing horror is knocked back by the mystic blast.
The thrashing horror churns violently!
The thrashing horror seems to grow stronger.
Unknown command.
Casting: Iskenderun's Mystic Blast (safe; 1% risk of failure)
Confirm with . or Enter, or press ? or * to list all spells.
You erupt in a blast of force!
The mystic blast hits the thrashing horror!
You destroy the thrashing horror!
The mystic blast hits the thrashing horror!!
The thrashing horror is almost destroyed.
The thrashing horror is knocked back by the mystic blast.
The thrashing horror churns violently!
The thrashing horror seems to grow stronger.
Unknown command.
Casting: Iskenderun's Mystic Blast (safe; 1% risk of failure)
Confirm with . or Enter, or press ? or * to list all spells.
Aiming: Fireball (safe; 1% risk of failure)
Press: ? - help, Shift-Dir - straight line, f - demonic crawler
Aim: a demonic crawler (lightly wounded)
The fireball explodes!
The fireball engulfs the demonic crawler!
The demonic crawler resists.
The demonic crawler is moderately wounded.
The fireball engulfs the thrashing horror!
The thrashing horror resists.
You destroy the thrashing horror!
You hear a shout!
You hear a bark!
You feel the corruption within you wane completely.
You no longer feel vulnerable to cold.
The demonic crawler shrieks in warning!
You hear a bark! x5; You hear a horrible gurgling sound!
The demonic crawler shrieks in warning!
You hear a shout!
You hear a bark! x2
The abyss shimmers again as the detected abyssal rune vanishes from your memory.
Your extra speed is starting to run out.
A large abomination comes into view.
The demonic crawler shrieks in warning!
You hear a croak.
You feel yourself slow down.
A Hell Sentinel comes into view.
The Hell Sentinel roars!
The demonic crawler hits you.
* * * LOW HITPOINT WARNING * * *
The demonic crawler misses you. You block the demonic crawler's attack.
The demonic crawler shrieks in warning!
You hear a roar!
As you read the scroll of teleportation, it crumbles to dust.
You feel strangely unstable.
You feel the power of the Abyss delaying your translocation!
You block the demonic crawler's attack. x2; The demonic crawler misses you.
The demonic crawler shrieks in warning!
You hear a deafening roar!
You hear a bark!
You hear a roar!
You feel much better. The Hell Sentinel gestures at you.
The iron shot hits you!!!!
Ouch! That really hurt!
* * * LOW HITPOINT WARNING * * *
You focus on the pain.
You feel your power returning. You block the demonic crawler's attack.
The demonic crawler hits you but does no damage. x2
You feel much better. The demonic crawler hits you!
* * * LOW HITPOINT WARNING * * *
The demonic crawler misses you. The demonic crawler hits you.
* * * LOW HITPOINT WARNING * * *
The Hell Sentinel hits you but does no damage.
The Hell Sentinel hits you!
* * * LOW HITPOINT WARNING * * *
Okay, then.
Unknown command.
The demonic crawler barely misses you.
The demonic crawler hits you but does no damage.
You block the demonic crawler's attack.
The Hell Sentinel attacks as you move away!
The Hell Sentinel hits you!
You die...

{ . .## .... #####
####### #
#..#.@.###..#......
#..1s.......## .#
#..#.###..##.... #
#..#.#.{#X .# ##.#
..
#.#...###........#
.. . .#...
#.....#..# . . #.#
...#. #...
...#...... .#. .
#...
...#.###...###.


You could see a Hell Sentinel and a demonic crawler.

Vanquished Creatures
  Margery (Vaults:5)
  Saint Roka (Snake:2)
  Rupert (Lair:3)
  Zenata (Vaults:2)
  Jorgrun (Shoals:1)
  A lich (Abyss:2)
  2 tentacled monstrosities (Vaults:4)
  Mlioglotl (Snake:1)
  An Executioner (Abyss:3)
  A sphinx (Vaults:4)
  2 krakens
  Polyphemus (Shoals:2)
  A tengu reaver (Vaults:4)
  Agnes (Elf:1)
  Donald (Snake:1)
  7 nagarajas
  4 vault wardens
  A frost giant (Vaults:4)
  Aizul (Snake:1)
  12 ironbound preservers
  An orc warlord (Vaults:1)
  A very ugly thing (Vaults:2)
  3 stone giants
  3 ironbound thunderhulks
  6 dire elephants
  A deep elf annihilator (Elf:1)
  Snorg (Orc:2)
  3 ettins (Orc:2)
  An eidolon (Vaults:3)
  Josephine (Snake:1)
  An entropy weaver (Vaults:2)
  A blizzard demon (Abyss:2)
  3 merfolk javelineers (Shoals:4)
  2 great orbs of eyes
  9 merfolk impalers
  A deep elf high priest (Elf:1)
  12 yaktaur captains
  A rakshasa (Abyss:2)
  15 centaur warriors
  28 vault guards
  8 hydras
  7 ironbound frosthearts
  19 anacondas
  3 alligator snapping turtles (Shoals:4)
  6 two-headed ogres
  4 catoblepae
  A death knight (D:14)
  7 dancing weapons (Elf:1)
  5 boulder beetles
  2 merfolk aquamancers
  4 merfolk avatars
  13 naga warriors
  3 satyrs
  2 tengu warriors (D:13)
  A vampire mage (Abyss:2)
  10 death yaks
  25 naga sharpshooters
  2 thrashing horrors (Abyss:4)
  8 shock serpents
  4 deep elf knights (Elf:1)
  An orc high priest (Orc:2)
  Nergalle (D:12)
  7 salamander mystics
  6 skeletal warriors (D:14)
  19 sea snakes
  2 glowing orange brains (Vaults:4)
  44 deep trolls
  A kraken simulacrum (Shoals:4)
  A deep elf archer (Elf:1)
  7 ironbound convokers
  6 naga ritualists
  10 wizards
  Pikel (D:5)
  3 necromancers
  2 lindwurms
  A mana viper (shapeshifter) (Vaults:4)
  2 phantasmal warriors (Vaults:3)
  14 deep elf pyromancers (Elf:1)
  11 deep elf zephyrmancers (Elf:1)
  4 orc knights (Vaults:1)
  11 mana vipers
  30 ugly things
  An orc sorcerer (Orc:1)
  20 harpies
  14 manticores
  17 salamanders
  2 oklob plants
  2 worldbinders (Abyss:2)
  7 fauns
  18 cyclopes
  7 vault sentinels
  6 water nymphs
  10 merfolk sirens
  14 elephants
  2 torpor snails (Lair:3)
  An apocalypse crab (Abyss:2)
  36 black mambas
  A black mamba (shapeshifter) (D:14)
  4 guardian serpents
  6 smoke demons (Abyss:2)
  20 naga magi
  A gargoyle (D:11)
  10 cane toads
  2 unseen horrors (D:12)
  Psyche (D:11)
  6 rime drakes
  10 komodo dragons
  2 freezing wraiths (D:14)
  10 yaktaurs
  An ancient zyme (Abyss:2)
  36 merfolk
  8 trolls
  6 wind drakes
  7 polar bears
  Prince Ribbit (D:9)
  Grinder (D:6)
  2 raiju (Abyss:2)
  9 snapping turtles
  15 blink frogs
  9 dream sheep
  16 slime creatures
  3 large abominations (Abyss:2)
  4 starcursed masses (Abyss:2)
  A spriggan (Lair:5)
  9 wyverns
  9 water elementals
  A fire bat (Abyss:2)
  Eustachio (D:5)
  Grum (D:9)
  8 wraiths
  8 basilisks
  68 yaks
  A steam dragon (Lair:5)
  A neqoxec (Abyss:2)
  A redback (Vaults:2)
  Menkaure (D:5)
  A chaos spawn (Abyss:2)
  6 vampire mosquitoes
  4 wargs
  44 nagas
  A swamp worm (shapeshifter) (D:15)
  6 acid dragons
  6 water moccasins
  A hell hound (Abyss:2)
  Duvessa (D:4)
  5 black bears
  A swamp drake (D:9)
  16 orc warriors
  2 ice beasts
  A sky beast (D:8)
  10 centaurs
  5 ogres
  16 wolves
  A phantom (D:6)
  4 lemures
  11 bullfrogs
  4 kobold brigands
  An earth elemental (Elf:1)
  4 necrophages
  2 wyvern zombies (Ossuary)
  2 scorpions
  4 water moccasin zombies (Ossuary)
  5 wights
  Dowan (D:4)
  13 killer bees
  3 small abominations (Abyss:2)
  4 howler monkeys
  2 centaur zombies (Ossuary)
  8 bullfrog zombies (Ossuary)
  3 lava snakes (D:10)
  A quasit (Abyss:2)
  9 orc priests
  3 hounds
  An iron imp (Abyss:2)
  A jelly (D:8)
  Ijyb (D:5)
  6 iguanas
  18 orc wizards
  2 hell rats (Lair:4)
  15 mummies (Ossuary)
  4 gnolls
  14 adders
  10 river rats
  3 shadow imps
  3 white imps
  An ufetubus (D:6)
  4 worms
  3 dart slugs
  73 orcs
  8 ball pythons
  10 bats
  6 endoplasms
  5 giant cockroaches
  9 hobgoblins
  2 jackals (D:3)
  6 quokkas
  3 frilled lizards
  2 goblins
  25 kobolds
  11 rats
  A plant (Lair:5)
  7 tentacles
1377 creatures vanquished.

Vanquished Creatures (others)
  A wyvern (D:9)
  4 bushes (Lair:5)
  50 fungi
  259 plants
  5 starspawn tentacles (Abyss:2)
  9 tentacles
  6 withered plants (Ossuary)
334 creatures vanquished.

Grand Total: 1711 creatures vanquished

Notes
Turn   | Place    | Note
-------+----------+-------------------------------------------
     0 | D:1      | sleeves the Demonspawn Cinder Acolyte began the quest for
                  | the Orb.
     0 | D:1      | Reached XP level 1. HP: 18/18 MP: 2/2
   190 | D:1      | Gained mutation: You sometimes gain a little power by
                  | taking damage. [demonic ancestry]
   190 | D:1      | Reached XP level 2. HP: 22/24 MP: 3/3
   213 | D:1      | HP: 12/24 [kobold/+0 dagger (1)]
   671 | D:2      | HP: 11/25 [quokka (4)]
   675 | D:2      | HP: 5/25 [quokka (2)]
   932 | D:2      | HP: 12/25 [worm (3)]
   934 | D:2      | Reached skill level 4 in Fighting
  1061 | D:2      | HP: 11/25 [poisoned by an adder]
  1066 | D:2      | HP: 7/25 [poisoned by an adder]
  1171 | D:2      | Learned a level 2 spell: Scorch
  1193 | D:2      | Gained mutation: You are partially covered in rugged brown
                  | scales. (AC +1, +3% HP) [demonic ancestry]
  1193 | D:2      | Reached XP level 3. HP: 24/30 MP: 2/4
  1225 | D:2      | Found an ornate altar of the Wu Jian Council.
  1621 | D:3      | Reached skill level 1 in Conjurations
  1621 | D:3      | Reached skill level 3 in Fire Magic
  1852 | D:3      | Gained mutation: A meltable shield of frost defends you.
                  | (SH +4) [demonic ancestry]
  1852 | D:3      | Reached XP level 4. HP: 38/38 MP: 2/5
  2051 | D:3      | HP: 19/38 [gnoll/+0 flail (2)]
  2054 | D:2      | HP: 9/38 [gnoll/+0 flail (3)]
  2240 | D:3      | Reached skill level 2 in Conjurations
  2918 | D:3      | Gained mutation: A meltable icy envelope protects you from
                  | harm. (AC +4) [demonic ancestry]
  2918 | D:3      | Reached XP level 5. HP: 38/43 MP: 2/6
  3246 | D:4      | Reached skill level 3 in Conjurations
  3246 | D:4      | Reached skill level 4 in Fire Magic
  3416 | D:4      | Found a glowing drain.
  3451 | Sewer    | Entered a sewer
  3724 | Sewer    | Gained mutation: You have a pair of small antennae on your
                  | head. [demonic ancestry]
  3724 | Sewer    | Reached XP level 6. HP: 49/49 MP: 4/7
  4349 | D:4      | Found a hide-covered altar of Uskayaw.
  4457 | D:4      | Noticed Duvessa
  4457 | D:4      | Noticed Dowan
  4675 | D:4      | Reached skill level 2 in Spellcasting
  4755 | D:4      | Reached skill level 4 in Conjurations
  4755 | D:4      | Gained mutation: You are mostly covered in rugged brown
                  | scales. (AC +2, +5% HP) [demonic ancestry]
  4755 | D:4      | Reached XP level 7. HP: 49/56 MP: 3/10
  4822 | D:5      | Entered Level 5 of the Dungeon
  4842 | D:5      | Noticed Ijyb
  4858 | D:5      | Reached skill level 5 in Fire Magic
  4869 | D:5      | Noticed Menkaure
  4998 | D:6      | Reached skill level 3 in Spellcasting
  5149 | D:5      | Killed Menkaure
  5150 | D:5      | Reached skill level 5 in Conjurations
  5257 | D:5      | Noticed Eustachio
  5309 | D:4      | Killed Dowan
  5310 | D:4      | HP: 23/56 [Eustachio/+0 rapier (10)]
  5312 | D:5      | Killed Eustachio
  5313 | D:5      | Reached XP level 8. HP: 26/63 MP: 2/13
  5449 | D:5      | Reached skill level 4 in Spellcasting
  5597 | D:5      | Found a sacrificial altar of Ru.
  5850 | D:6      | Reached skill level 6 in Fire Magic
  6309 | D:6      | Reached skill level 6 in Conjurations
  6415 | D:5      | Noticed Pikel
  6580 | D:4      | Killed Duvessa
  6908 | D:5      | Killed Ijyb
  6998 | D:5      | HP: 29/63 [Pikel/iceblast (12)]
  7004 | D:4      | HP: 22/63 [wight/+0 hand axe (5)]
  7011 | D:4      | HP: 20/63 [wight/+0 hand axe (5)]
  7192 | D:5      | Reached skill level 5 in Spellcasting
  7193 | D:5      | HP: 26/59 [Pikel/+1 whip of flaming (5)]
  7193 | D:5      | HP: 12/56 [wight/+0 war axe (2)]
  7194 | D:5      | Killed Pikel
  7195 | D:5      | Reached skill level 7 in Fire Magic
  7195 | D:5      | Gained mutation: You sometimes gain power by taking damage.
                  | [demonic ancestry]
  7195 | D:5      | Reached XP level 9. HP: 13/68 MP: 0/17
  7410 | D:5      | Reached skill level 7 in Conjurations
  7514 | D:5      | Found a bloodstained altar of Trog.
  7920 | D:5      | Reached skill level 6 in Spellcasting
  8031 | D:5      | Learned a level 4 spell: Iskenderun's Mystic Blast
  8445 | D:6      | Found a staircase to the Ecumenical Temple.
  8763 | D:6      | Noticed Grinder
  8767 | D:6      | Killed Grinder
  9379 | D:7      | Found a shadowy altar of Dithmenos.
  9379 | D:7      | Found a burning altar of Makhleb.
  9404 | D:7      | Reached skill level 8 in Conjurations
  9452 | D:7      | Reached skill level 8 in Fire Magic
  9666 | D:7      | Found Raackul's Antique Armour Shoppe.
  9959 | D:7      | Noticed a two-headed ogre
 10444 | D:8      | Found a sand-covered staircase.
 10453 | Ossuary  | Entered an ossuary
 10481 | Ossuary  | Reached skill level 7 in Spellcasting
 10481 | Ossuary  | Reached XP level 10. HP: 66/75 MP: 1/20
 11467 | D:8      | Noticed a two-headed ogre
 11498 | D:8      | Killed a two-headed ogre
 11499 | D:8      | Reached skill level 9 in Conjurations
 12363 | D:9      | Noticed Prince Ribbit
 12387 | D:9      | Killed Prince Ribbit
 12388 | D:9      | Reached skill level 9 in Fire Magic
 12655 | D:9      | Reached skill level 8 in Spellcasting
 12657 | D:9      | Noticed Grum
 12701 | D:9      | Killed Grum
 13306 | D:9      | HP: 32/75 [wyvern (13)]
 13509 | D:8      | Gained mutation: You have a pair of antennae on your head.
                  | [demonic ancestry]
 13509 | D:8      | Reached XP level 11. HP: 80/80 MP: 4/23
 13658 | D:9      | Reached skill level 10 in Conjurations
 13933 | D:9      | You fall into a shaft and drop 1 floor!
 13933 | D:10     | Entered Level 10 of the Dungeon
 14028 | D:9      | Found a staircase to the Lair.
 14393 | D:9      | Learned a level 6 spell: Starburst
 14397 | D:9      | Learned a level 3 spell: Swiftness
 14436 | D:10     | Noticed a two-headed ogre
 14445 | D:10     | Killed a two-headed ogre
 14446 | D:10     | Reached skill level 9 in Spellcasting
 14446 | D:10     | Reached skill level 10 in Fire Magic
 14701 | D:10     | Noticed a two-headed ogre
 14729 | D:10     | Killed a two-headed ogre
 15000 | D:10     | Found a staircase to the Orcish Mines.
 15387 | D:9      | Reached skill level 10 in Spellcasting
 15630 | D:10     | Found a hazy altar of Hepliaklqana.
 15694 | D:10     | Found Hoatal's Antique Weapon Emporium.
 16179 | D:10     | Reached skill level 1 in Stealth
 16459 | D:11     | Noticed Psyche
 16467 | D:11     | Killed Psyche
 16468 | D:11     | Reached skill level 1 in Air Magic
 16542 | D:11     | Reached skill level 2 in Stealth
 16753 | D:11     | Reached skill level 2 in Air Magic
 16859 | D:11     | Noticed a boulder beetle
 17338 | Lair:1   | Entered Level 1 of the Lair of Beasts
 17445 | Lair:1   | Reached skill level 3 in Stealth
 18385 | Lair:1   | Reached skill level 4 in Stealth
 18697 | Lair:2   | Found a staircase to the Shoals.
 18740 | Lair:2   | Reached XP level 12. HP: 87/87 MP: 12/26
 18816 | Lair:2   | Identified the ring of Coejaz {Contam Fly rElec SInv}
 18850 | Lair:2   | Noticed a boulder beetle
 19004 | Lair:2   | Reached skill level 11 in Conjurations
 19158 | D:11     | Noticed a centaur warrior
 19170 | D:11     | Killed a centaur warrior
 19262 | D:11     | Noticed a boulder beetle
 19293 | D:11     | HP: 23/87 [boulder beetle (24)]
 19605 | D:11     | Reached skill level 5 in Stealth
 20095 | D:11     | Killed a boulder beetle
 20684 | D:12     | Reached skill level 11 in Fire Magic
 20863 | D:12     | HP: 15/87 [large slime creature (38)]
 21640 | Lair:2   | Reached skill level 12 in Conjurations
 21927 | Lair:2   | Killed a boulder beetle
 21940 | Lair:2   | HP: 43/87 [poisoned by a cane toad]
 21945 | Lair:2   | HP: 43/87 [poisoned by a cane toad]
 22195 | Lair:2   | Reached skill level 11 in Spellcasting
 22649 | Lair:2   | Found a runed translucent door.
 22650 | Lair:2   | Found a shimmering altar of Xom.
 22650 | Lair:2   | Noticed Gesod's ghost (journeyman MiHu)
 23035 | Lair:3   | Noticed Rupert
 23064 | Lair:3   | Noticed a boulder beetle
 23065 | Lair:3   | Reached XP level 13. HP: 92/92 MP: 21/28
 23382 | Lair:3   | Reached skill level 12 in Fire Magic
 24454 | Lair:4   | Reached skill level 13 in Conjurations
 24906 | Lair:5   | Entered Level 5 of the Lair of Beasts
 25246 | Lair:5   | Reached skill level 12 in Spellcasting
 25843 | Lair:5   | Found a viscous altar of Jiyva.
 25845 | Lair:5   | Found a staircase to the Slime Pits.
 25880 | Lair:5   | Reached skill level 13 in Fire Magic
 26360 | Lair:5   | Reached XP level 14. HP: 95/99 MP: 3/30
 26369 | Lair:5   | HP: 43/99 [yak (8)]
 26799 | Lair:5   | Reached skill level 14 in Conjurations
 28429 | Lair:5   | Reached skill level 13 in Spellcasting
 28625 | Lair:5   | Found the +13 scythe of Curses {drain, Drain}
 28631 | Lair:5   | sleeves: ??scythe of curses
 28631 | Lair:5   | beem: scythe of curses[1/3]: +13 scythe of draining which
                  | inflicts necromancy miscasts on living targets it hits.
                  | Better than most bardiches!
 28631 | Lair:5   | sleeves: ??scythe of curses[2]
 28631 | Lair:5   | beem: scythe of curses[2/3]: Death has come for the
                  | toadstool...
 28631 | Lair:5   | sleeves: ??scythe of curses[3]
 28631 | Lair:5   | beem: scythe of curses[3/3]: "it hits like a bag of trucks"
                  | - ontoclasm
 28696 | Lair:5   | Learned a level 3 spell: Hailstorm
 29024 | D:12     | Noticed Sonja
 29032 | D:12     | Sonja changed into something unseen
 29034 | D:12     | Killed Sonja the unseen horror
 29390 | D:12     | Noticed Nergalle
 29391 | D:12     | Killed Nergalle
 29888 | D:13     | Reached skill level 14 in Fire Magic
 30363 | D:13     | Reached skill level 15 in Conjurations
 30717 | D:13     | Found Optyipp's Weapon Shoppe.
 30882 | D:13     | Found a gate to the Vaults.
 31048 | D:14     | Found Balianue's Magic Scroll Emporium.
 31488 | D:14     | Reached skill level 15 in Fire Magic
 31611 | D:14     | Reached skill level 1 in Dodging
 31819 | D:14     | Reached skill level 2 in Dodging
 31819 | D:14     | Reached XP level 15. HP: 105/105 MP: 0/32
 32443 | D:14     | Reached skill level 6 in Stealth
 32671 | D:15     | Entered Level 15 of the Dungeon
 32825 | D:15     | Reached skill level 3 in Dodging
 33699 | D:15     | Found a staircase to the Depths.
 34139 | Orc:1    | Entered Level 1 of the Orcish Mines
 34282 | Orc:1    | Reached skill level 4 in Dodging
 34707 | Orc:1    | Found Jyxots's Book Shoppe.
 34878 | Orc:2    | Entered Level 2 of the Orcish Mines
 34879 | Orc:2    | Found Fynowam's Antique Weapon Emporium.
 34885 | Orc:2    | Reached skill level 1 in Shields
 34887 | Orc:2    | Reached skill level 7 in Stealth
 35201 | Orc:2    | Found Zoczies's Antique Armour Boutique.
 35302 | Orc:2    | Reached skill level 2 in Shields
 35916 | Orc:2    | Noticed Snorg
 35920 | Orc:2    | Killed Snorg
 36041 | Orc:2    | Found Huer's General Store.
 36057 | Orc:2    | Found a staircase to the Elven Halls.
 36147 | Orc:2    | Found Josug's Book Shoppe.
 36201 | Orc:2    | Reached skill level 5 in Dodging
 36288 | Orc:2    | Reached skill level 3 in Shields
 36535 | Orc:2    | Bought a runed cloak for 217 gold pieces
 36691 | D:14     | Bought a scroll of acquirement for 728 gold pieces
 37269 | Lair:3   | Found a staircase to the Snake Pit.
 37293 | Lair:3   | Reached skill level 8 in Stealth
 37452 | Lair:3   | Killed Rupert
 37727 | Lair:3   | Reached skill level 4 in Shields
 38162 | Lair:3   | Found a runed translucent door.
 38410 | Snake:1  | Entered Level 1 of the Snake Pit
 38410 | Snake:1  | Noticed Josephine
 38414 | Snake:1  | Reached skill level 6 in Dodging
 38414 | Snake:1  | Killed Josephine
 38680 | Snake:1  | Reached skill level 5 in Shields
 38684 | Snake:1  | Reached skill level 9 in Stealth
 38921 | Snake:1  | Noticed Donald
 38930 | Snake:1  | Killed Donald
 39141 | Snake:1  | Noticed Aizul
 39146 | Snake:1  | Killed Aizul
 39270 | Snake:1  | Noticed Mlioglotl
 39277 | Snake:1  | Killed Mlioglotl
 39486 | Snake:1  | Reached skill level 10 in Stealth
 39486 | Snake:1  | Reached XP level 16. HP: 109/111 MP: 14/33
 39594 | Snake:1  | Found a runed translucent gate.
 39595 | Snake:1  | Found a runed translucent gate.
 39596 | Snake:1  | Found a runed translucent gate.
 39596 | Snake:1  | Noticed sirJeffrey23's ghost (adept HOMo)
 39729 | Snake:1  | Found a hazy altar of Hepliaklqana.
 39885 | Snake:1  | Identified the +12 halberd of the Dripping Oracle {spect,
                  | Drain rPois Int+4 Stlth+}
 40921 | Snake:2  | Identified the ring of Mypsean {AC+4 Str+3 Int+4 Stlth-}
 40937 | Snake:2  | Learned a level 8 spell: Ignition
 41587 | Snake:2  | Noticed Saint Roka
 41959 | Snake:2  | Killed Saint Roka
 42323 | Snake:2  | Reached skill level 14 in Spellcasting
 42446 | Snake:2  | HP: 54/111 [poisoned by a naga ritualist (toxic radiance)]
 42451 | Snake:2  | HP: 49/111 [poisoned by a naga ritualist (toxic radiance)]
 42456 | Snake:2  | HP: 50/111 [poisoned by a naga ritualist (toxic radiance)]
 43202 | Snake:3  | Reached skill level 16 in Fire Magic
 44412 | Snake:3  | Found a bloodstained altar of Trog.
 45156 | Snake:3  | Found a gateway to a bazaar.
 45509 | Snake:4  | Entered Level 4 of the Snake Pit
 45757 | Snake:4  | Reached skill level 15 in Spellcasting
 45941 | Snake:4  | Reached XP level 17. HP: 103/117 MP: 12/36
 46183 | Snake:4  | Found a transporter.
 46192 | Snake:4  | Found a transporter.
 46196 | Snake:4  | Found a bloodstained altar of Trog.
 46208 | Snake:4  | Noticed Cifurakhle's ghost (adept MiBe)
 47003 | Snake:4  | Reached skill level 17 in Fire Magic
 47600 | Snake:3  | HP: 51/117 [shock serpent/bolt of electricity (9)]
 47603 | Snake:3  | HP: 18/117 [shock serpent/bolt of electricity (17)]
 47713 | Snake:3  | HP: 52/117 [something (12)]
 47774 | Snake:4  | HP: 53/117 [poisoned by a sea snake]
 47779 | Snake:4  | HP: 39/117 [poisoned by a sea snake]
 47784 | Snake:4  | HP: 38/117 [poisoned by a sea snake]
 48423 | Snake:4  | Reached skill level 16 in Spellcasting
 49565 | Snake:4  | HP: 56/117 [poisoned by a nagaraja (poison arrow)]
 49570 | Snake:4  | HP: 44/117 [poisoned by a nagaraja (poison arrow)]
 49575 | Snake:4  | HP: 44/117 [poisoned by a nagaraja (poison arrow)]
 49917 | Snake:4  | Got a serpentine rune of Zot
 50065 | Shoals:1 | Entered Level 1 of the Shoals
 50088 | Shoals:1 | Noticed Jorgrun
 50090 | Shoals:1 | HP: 34/117 [Jorgrun/blast of rock fragments (33)]
 50181 | Shoals:1 | Killed Jorgrun
 50380 | Shoals:1 | Reached skill level 18 in Fire Magic
 51690 | Shoals:1 | Found Tuve's Mass Market.
 52342 | Shoals:2 | Noticed Polyphemus
 52351 | Shoals:2 | HP: 54/117 [Polyphemus/large rock (22)]
 52407 | Shoals:2 | Reached XP level 18. HP: 102/123 MP: 27/38
 52944 | Shoals:2 | Killed Polyphemus
 53071 | Shoals:2 | Reached skill level 17 in Spellcasting
 53279 | Shoals:2 | Got The Arcane Arts, Part Five
 53287 | Shoals:2 | Learned a level 5 spell: Fireball
 55272 | Shoals:4 | Entered Level 4 of the Shoals
 55851 | Shoals:4 | Found Mequrup's Antique Weapon Boutique.
 55856 | Shoals:4 | Reached skill level 19 in Fire Magic
 55858 | Shoals:4 | HP: 61/123 [manticore/volley of spikes (6)]
 57119 | Shoals:4 | Reached skill level 18 in Spellcasting
 57663 | Shoals:4 | HP: 61/123 [poisoned by a sea snake]
 58108 | Shoals:4 | Learned a level 6 spell: Dispersal
 58114 | Shoals:4 | Learned a level 5 spell: Lee's Rapid Deconstruction
 58281 | Shoals:4 | Got a barnacled rune of Zot
 59188 | Vaults:1 | Entered Level 1 of the Vaults
 59217 | Vaults:1 | Reached skill level 1 in Earth Magic
 59457 | Vaults:1 | Identified the +5 ring mail of Axexol {*Slow rElec Dex+2}
 59620 | Vaults:1 | Reached skill level 2 in Earth Magic
 60204 | Vaults:1 | Reached skill level 3 in Earth Magic
 60417 | Vaults:1 | Gained mutation: Your hexes are more powerful. [demonic
                  | ancestry]
 60417 | Vaults:1 | Reached XP level 19. HP: 129/129 MP: 24/41
 60662 | Vaults:1 | Reached skill level 4 in Earth Magic
 61696 | Vaults:1 | Reached skill level 20 in Fire Magic
 61704 | Vaults:1 | Reached skill level 5 in Earth Magic
 62522 | Vaults:1 | Reached skill level 6 in Earth Magic
 63154 | Vaults:2 | Reached skill level 7 in Earth Magic
 63496 | Vaults:2 | Noticed Zenata
 63502 | Vaults:2 | Killed Zenata
 63720 | Vaults:2 | Found Fom Deurr's Assorted Antiques.
 63736 | Vaults:2 | Found Taan Rin's Book Emporium.
 63750 | Vaults:2 | Learned a level 8 spell: Lehudib's Crystal Spear
 63816 | Vaults:2 | Reached skill level 1 in Translocations
 64124 | Vaults:2 | Reached skill level 8 in Earth Magic
 64369 | Vaults:2 | Reached skill level 2 in Translocations
 65362 | Vaults:3 | Reached skill level 3 in Translocations
 65836 | Vaults:3 | Found a staircase to the Crypt.
 66271 | Vaults:3 | Identified the +6 chain mail "Acoes" {Dex+5}
 66742 | Vaults:4 | Reached skill level 4 in Translocations
 66751 | Vaults:4 | HP: 53/129 [yaktaur captain/bolt (35)]
 66753 | Vaults:4 | Reached skill level 9 in Earth Magic
 67532 | Vaults:4 | Reached XP level 20. HP: 132/136 MP: 19/42
 67793 | Vaults:4 | Found a portal to a secret trove of treasure.
 67979 | Vaults:4 | Reached skill level 5 in Translocations
 69823 | Vaults:5 | Entered Level 5 of the Vaults
 69823 | Vaults:5 | Noticed Margery
 69825 | Vaults:5 | Reached skill level 19 in Spellcasting
 69825 | Vaults:5 | Reached skill level 6 in Translocations
 69825 | Vaults:5 | Reached skill level 10 in Earth Magic
 69827 | Vaults:5 | Killed Margery
 69827 | Vaults:5 | Noticed a dread lich
 70226 | Elf:1    | Entered Level 1 of the Elven Halls
 70847 | Elf:1    | Reached skill level 7 in Translocations
 71598 | Elf:1    | Noticed Agnes
 71605 | Elf:1    | Killed Agnes
 71857 | Elf:1    | Noticed Louise
 72046 | Elf:1    | Reached skill level 11 in Earth Magic
 72146 | Abyss:2  | Cast into level 2 of the Abyss (+4 trident of distortion)
 72604 | Abyss:2  | HP: 68/136 [burnt (4)]
 72832 | Abyss:2  | Found an iron altar of Okawaru.
 73014 | Abyss:2  | Noticed a bone dragon
 73299 | Abyss:3  | HP: 66/136 [Executioner (10)]
 73303 | Abyss:4  | Reached skill level 8 in Translocations
 73395 | Abyss:4  | Learned a level 1 spell: Apportation
 73410 | Abyss:4  | HP: 67/136 [starflower (8)]
 73412 | Abyss:4  | HP: 27/136 [large abomination (22)]
 73454 | Abyss:4  | HP: 59/136 [demonic crawler (4)]
 73459 | Abyss:4  | HP: 9/136 [Hell Sentinel/iron shot (76)]
 73460 | Abyss:4  | HP: 2/136 [Hell Sentinel (13)]
 73462 | Abyss:4  | Slain by a Hell Sentinel

Illustrated notes

Levels and vault maps discovered:
D:1:      wander_arrival_desolate, layout_loops_cross
D:2:      layout_loops_ring, basic_altar
D:3:      layout_basic
D:4:      minmay_skewed_foursquare, layout_rooms, kennysheep_mini,
          gup_sewer_entry_pipe, uniq_duvessa
D:5:      layout_basic, nicolae_ru_great_annihilating_truth,
          trog_ov_bears_minmay, dreamdust_princess_bridge, uniq_ijyb,
          uniq_pikel, uniq_menkaure, uniq_eustachio
D:6:      layout_basic, minmay_temple_entry_mini_moons, uniq_grinder
D:7:      layout_gridville, mainiacjoe_overflow_catch_the_wave, serial_shops,
          shop
D:8:      layout_loops_ring, zin_scriptorium, nicolae_ossuary_entry_ruins
D:9:      layout_loops_ring, elyvilon_altar_5, erik_lair_dragon, uniq_grum,
          uniq_prince_ribbit1
D:10:     layout_stronghold, worldfamousw_hep_ancestral_shrine,
          hiddenorc2_lemuel, nicolae_inconvenience_store
D:11:     layout_irregular_city, uniq_psyche
D:12:     layout_loops_ring, uniq_sonja, uniq_nergalle
D:13:     layout_rooms, david_vaults_1, serial_shops,
          nicolae_shop_bloodbath_and_beyond, nicolae_straight_to_the_point
D:14:     layout_stronghold, corexii_corridor_pit, serial_shops, shop_coins
D:15:     hangedman_depths_entry_try_elsewhere_first, layout_irregular_city
Lair:1:   layout_layer_cave
Lair:2:   layout_chaotic_city, elwin_shoals_entry_stream, ebering_ghost_xom,
          chequers_serial_rivers_small_a, roderic_batcave, disabler_island
Lair:3:   beast_lair_carwin_large_2, layout_chaotic_city,
          guppyfry_snake_entry_island, pf_torpor_hydra, uniq_rupert
Lair:4:   layout_roguey, kennysheep_rathole
Lair:5:   guppyfry_lair_end_dragon, layout_regular_city,
          hangedman_lair_in_review, minmay_slime_entry_oklob_enclosed,
          chequers_serial_rivers_room_a, hangedman_lair_unloving_vines,
          grunt_forest_large_clearing_hut
Shoals:1: cheibrodos_shoals_oceanic_diplomacy, layout_shoals, minmay_shop_mass,
          uniq_jorgrun
Shoals:2: layout_shoals, uniq_polyphemus
Shoals:3: layout_shoals
Shoals:4: shoals_end_grunt_ice, layout_shoals, serial_shops, shop
Snake:1:  layout_grid_shapes, gammafunk_ghost_split, lemuel_oklob_altar,
          uniq_mlioglotl, uniq_josephine, uniq_aizul, uniq_donald
Snake:2:  layout_grid_shapes, uniq_saint_roka
Snake:3:  nicolae_snake_attic_fulla_snakes, layout_gridlike, serial_shops,
          statue_bzr, basic_altar
Snake:4:  grunt_snake_rune_serpentine_throne, layout_gridlike,
          gammafunk_ghost_wrathful_warriors
Orc:1:    layout_caves, serial_shops, nicolae_square_shop
Orc:2:    grunt_orc_gardens, layout_diamond_mine, grunt_orc_garden,
          grunt_orc_garden, grunt_orc_garden, grunt_orc_garden, mines3_lemuel,
          uniq_snorg
Elf:1:    minmay_elf_arrival_summoners, layout_loops_corners,
          hangedman_elven_crosses_minicolossus, uniq_agnes, uniq_louise
Vaults:1: ontoclasm_vaults_gateway, vaults_room_door_hall,
          nicolae_vaults_network_s, vaults_room_door_ring,
          nicolae_vaults_angled_halls, v_misc_2, ontoclasm_vaults_twist,
          layout_vaults_quadrants
Vaults:2: v_misc_16, hangedman_vaults_restitches, hangedman_vaults_stream,
          v_misc_28, v_misc_27, ontoclasm_vaults_claustrophobia,
          hangedman_vaults_cutoff, vaults_room_door_hall,
          vaults_room_stairs_pillars, layout_vaults_chaotic_city, serial_shops,
          shop, nicolae_shop_hallway_plus, uniq_zenata
Vaults:3: v_misc_13, minmay_crypt_entry_simple_statues, vaults_room_semicircle,
          nicolae_vaults_stairing_the_circle, nicolae_vaults_yaktaur_gun_rack,
          vaults_room_door_ring, vaults_dpeg_spiral,
          nicolae_vaults_bisected_exclaves, vaults_room_octagon,
          vaults_mumra_chevron, vaults_dpeg_ring, v_misc_18,
          ontoclasm_vaults_shuriken, nicolae_vaults_ring_of_whatevers,
          vaults_room_stairs_pillars, layout_vaults_ring
Vaults:4: vaults_room_door_ring, hangedman_vaults_maws, hangedman_vaults_corner,
          vaults_room_grid, vaults_room_semicircle, hangedman_vaults_locks,
          vaults_mumra_lcd, st_octagons_1, hangedman_vaults_river_flow,
          vaults_room_door_ring, hangedman_vaults_restitches, v_misc_11,
          v_misc_22, nicolae_vaults_little_squares_5,
          nicolae_vaults_little_squares_6, layout_vaults_omnibox,
          trove_entry_hex_spiral
Vaults:5: serial_shops, uniq_sojobo, uniq_margery, uniq_boris, uniq_frederick
Abyss:4:  base: D:7, spicy_pingpong_abyss_rune, evilmike_abyss_exit_1

Skill      XL: |  1  2  3  4  5  6  7  8  9 10 11 12 13 14 15 16 17 18 19 20 |
---------------+-------------------------------------------------------------+-----
Fighting       | 4 |  4.2
Conjurations   | 1 2 3 4 5 6 8 9 10 12 13 15 | 15.0
Fire Magic     | 3 4 5 7 8 9 10 11 13 15 16 18 19 20 | 20.0
Spellcasting   | 2 3 5 7 8 10 11 12 13 15 16 18 19 | 19.6
Stealth        | 4 5 10 | 10.0
Air Magic      | 2 |  2.1
Dodging        | 2 6 |  6.0
Shields        | 5 |  5.0
Earth Magic    | 3 9 11 | 11.2
Translocations | 4 8 |  8.0
Long Blades    | |  2.6

Action                   |  1- 3 |  4- 6 |  7- 9 | 10-12 | 13-15 | 16-18 | 19-21 || total
-------------------------+-------+-------+-------+-------+-------+-------+-------++-------
Melee: Falchion          |   124 |    90 |       |    14 |       |       |       ||   228
       Short sword       |       |     4 |    36 |       |       |       |       ||    40
       Staff             |       |       |    11 |    26 |    38 |    13 |    45 ||   133
       Scimitar          |       |       |       |    16 |       |       |    30 ||    46
 Cast: Scorch            |     7 |    65 |   198 |   367 |   208 |    23 |       ||   868
       Iskenderun's Myst |       |       |     3 |    33 |     9 |    21 |    42 ||   108
       Starburst         |       |       |       |    30 |   263 |   432 |   198 ||   923
       Hailstorm         |       |       |       |       |    11 |    81 |     8 ||   100
       Swiftness         |       |       |       |       |     2 |     1 |     5 ||     8
       Fireball          |       |       |       |       |       |    86 |   121 ||   207
       Lee's Rapid Decon |       |       |       |       |       |       |    26 ||    26
       Ignition          |       |       |       |       |       |       |    21 ||    21
Invok: Fiery Armour      |       |       |     1 |       |       |       |       ||     1
Evoke: Wand              |       |       |     9 |    16 |     3 |     6 |       ||    34
  Use: Potion            |       |       |     1 |       |       |       |     5 ||     6
       Scroll            |       |       |       |    12 |    10 |     7 |    11 ||    40
Armor: Robe              |    36 |    43 |    52 |    81 |    86 |    69 |   156 ||   523
Dodge: Dodged            |    90 |    67 |   100 |   171 |   179 |   182 |   167 ||   956
Block: Other             |       |    26 |    25 |    48 |    52 |       |       ||   151
       Buckler           |       |       |       |       |    26 |    95 |   103 ||   224

Table legend: (Time is in decaauts)
 A = Elapsed time spent in this place.
 B = Non-inter-level travel time spent in this place.
 C = Inter-level travel time spent in this place.
 D = Time resting spent in this place.
 E = Time spent auto-exploring this place.
 F = Levels seen in this place.
 G = Mean time per level.
                   A        B        C        D        E       F      G
               +--------+--------+--------+--------+--------+-----+--------+
         Total |  73806 |  69297 |   4509 |  15955 |  41462 |  41 | 1800.1 |
       Dungeon |  24392 |  22261 |   2131 |   4072 |  14556 |  15 | 1626.1 |
          Lair |  11627 |  10759 |    868 |   1842 |   7212 |   5 | 2325.4 |
        Shoals |   8553 |   8137 |    416 |   2246 |   4765 |   4 | 2138.2 |
     Snake Pit |  11427 |  10830 |    597 |   3900 |   5007 |   4 | 2856.8 |
  Orcish Mines |   2668 |   2547 |    121 |    709 |   1438 |   2 | 1334.0 |
   Elven Halls |   1622 |   1581 |     41 |      0 |   1313 |   1 | 1622.0 |
        Vaults |  10372 |  10040 |    332 |   2310 |   6185 |   5 | 2074.4 |
         Abyss |   1328 |   1328 |      0 |    438 |     49 |   3 |  442.7 |
         Sewer |    856 |    856 |      0 |    228 |    427 |   1 |  856.0 |
       Ossuary |    957 |    957 |      0 |    210 |    508 |   1 |  957.0 |
               +--------+--------+--------+--------+--------+-----+--------+

Top non-repeatable levels by time:
 Snake:4: 4023 daAuts
  Lair:5: 3204 daAuts
Vaults:1: 3032 daAuts
    D:10: 2907 daAuts
Vaults:3: 2689 daAuts
 Snake:3: 2674 daAuts
Shoals:3: 2600 daAuts
 Snake:2: 2550 daAuts
Vaults:2: 2492 daAuts
  Lair:2: 2489 daAuts
Shoals:1: 2288 daAuts
 Snake:1: 2179 daAuts
     D:9: 2174 daAuts
Vaults:4: 2152 daAuts
Shoals:4: 2141 daAuts
